 Dungeon Crawl Stone Soup version 0.20.1-1-g8b1a95d (webtiles) character file.

344 Linguinho the Shield-Bearer (level 6, -1/48 HPs)
             Began as a Demonspawn Fighter on Nov 12, 2017.
             Succumbed to Linguinho's ghost's poison
             ... on level 3 of the Dungeon.
             The game lasted 00:02:56 (1520 turns).

Linguinho the Shield-Bearer (Demonspawn Fighter)    Turns: 1520, Time: 00:02:56

Health: -1/48      AC:  8    Str: 23    XL:     6   Next: 31%
Magic:  1/6        EV:  8    Int:  9    God:
Gold:   128        SH: 10    Dex: 13    Spells: 5/5 levels left

rFire    . . .     SeeInvis .   n - +1 spear (freeze)
rCold    + . .     Gourm    .   c - +0 shield
rNeg     . . .     Faith    .   b - +0 scale mail
rPois    .         Spirit   +   (helmet restricted)
rElec    .         Reflect  .   (no cloak)
rCorr    .         Harm     .   (no gloves)
MR       .....                  e - +0 pair of boots
Stlth    ..........             (no amulet)
Regen    0.2/turn               (no ring)
MPRegen  0.1/turn               (no ring)

@: mighty, lethally poisoned (-1 -> -31)
A: claws 2, horns 1, cold resistance 1, magic shield
a: no special abilities


You were on level 3 of the Dungeon.
You were not hungry.

You visited 1 branch of the dungeon, and saw 3 of its levels.

You collected 128 gold pieces.

Inventory:

Hand Weapons
 a - a +0 war axe
 n - a +1 spear of freezing (weapon)
Armour
 b - a +0 scale mail (worn)
 c - a +0 shield (worn)
 e - a +0 pair of boots (worn)
Jewellery
 j - a cursed ring of loudness {unknown}
Wands
 m - a wand of lightning (11/15)
 p - a wand of lightning (6/15)
 q - a wand of clouds (4/9)
 r - a wand of flame (14/48)
Scrolls
 g - 2 scrolls of identify {unknown}
 h - a scroll of enchant armour {unknown}
 k - a scroll of magic mapping {unknown}
 l - 2 scrolls of noise {unknown}
 o - a scroll of remove curse {unknown}
 s - a scroll of recharging {unknown}
 t - a scroll of amnesia {unknown}
Comestibles
 f - 2 bread rations
 i - 3 meat rations


   Skills:
 + Level 3.8 Fighting
 + Level 3.2(3.4) Axes
 + Level 1.4(2.5) Polearms
 + Level 3.6 Armour
 + Level 1.6 Dodging
 + Level 0.2 Stealth
 + Level 3.9 Shields


You had 5 spell levels left.
You didn't know any spells.

Dungeon Overview and Level Annotations

Branches:
Dungeon (3/15)

Altars:
Trog
Zin


Innate Abilities, Weirdness & Mutations

You have very sharp fingernails.
You have a pair of small horns on your head.
Your flesh is cold resistant. (rC+)
When hurt, damage is shared between your health and your magic reserves.


Message History

Your Axes skill increases to level 3!
Your base Polearms skill increases to level 1!
Your Dodging skill increases to level 1!
You have reached level 4!
You feel agile.
Your demonic ancestry asserts itself...
Your fingernails lengthen.
You have reached level 5!
Your demonic ancestry asserts itself...
You feel resistant to cold.
You have reached level 6!
Your experience leads to an increase in your attributes!
Your base attributes are Str 17, Int 9, Dex 13.
Increase (S)trength, (I)ntelligence, or (D)exterity?
You feel stronger.
Your demonic ancestry asserts itself...
Your fingernails sharpen.
* * * LOW HITPOINT WARNING * * *
You feel very sick. The frilled lizard closely misses you.
You miss the frilled lizard.
You die...

##...#. .....
....# ....#
#...# #...#
#.l.# #@..#
#...# #### #!..#
#.... ##.##
......##.#######
#...............
......##.#######
#.....##.####
..## #.(....#


You could see a frilled lizard.

Vanquished Creatures
  The ghost of Linguinho the Chopper, a novice DsFi (D:3)
  2 adders (D:2)
  An ooze (D:1)
  2 leopard geckos (D:2)
  A ball python (D:1)
  8 bats
  3 giant cockroaches
  3 goblins (D:2)
  3 hobgoblins
  3 frilled lizards (D:1)
  5 kobolds (D:1)
  3 rats (D:2)
35 creatures vanquished.

Notes
Turn   | Place    | Note
-------+----------+-------------------------------------------
     0 | D:1      | Linguinho the Demonspawn Fighter began the quest for the Orb.
     0 | D:1      | Reached XP level 1. HP: 18/18 MP: 1/1
   210 | D:1      | Gained mutation: When hurt, damage is shared between your health and your magic reserves. [demonic ancestry]
   210 | D:1      | Reached XP level 2. HP: 24/24 MP: 2/2
   933 | D:2      | Gained mutation: You have a pair of small horns on your head. [demonic ancestry]
   933 | D:2      | Reached XP level 3. HP: 18/29 MP: 3/3
  1317 | D:2      | Found a bloodstained altar of Trog.
  1317 | D:2      | Found a glowing silver altar of Zin.
  1505 | D:3      | Noticed Linguinho's ghost (novice DsFi)
  1519 | D:3      | Killed Linguinho's ghost
  1519 | D:3      | Reached skill level 1 in Polearms
  1519 | D:3      | Reached skill level 1 in Dodging
  1519 | D:3      | Gained mutation: You have sharp fingernails. [demonic ancestry]
  1519 | D:3      | Reached XP level 4. HP: 4/37 MP: 1/4
  1519 | D:3      | Gained mutation: Your flesh is cold resistant. (rC+) [demonic ancestry]
  1519 | D:3      | Reached XP level 5. HP: 4/42 MP: 1/5
  1519 | D:3      | Gained mutation: You have very sharp fingernails. [demonic ancestry]
  1519 | D:3      | Reached XP level 6. HP: 5/48 MP: 1/6
  1519 | D:3      | HP: 2/48 [poisoned by Linguinho's ghost]
  1520 | D:3      | Succumbed to Linguinho's ghost's poison

Skill      XL: |  1  2  3 |
---------------+----------+-----
Armour         | 3 |  3.6
Axes           | 2 3 |  3.2
Shields        | 3 |  3.9
Polearms       | 1 |  1.4
Dodging        | 1 |  1.6
Fighting       | |  3.8
Stealth        | |  0.2

Action                   |  1- 3 |  4- 6 || total
-------------------------+-------+-------++-------
Melee: War axe           |    87 |       ||    87
       Spear             |    46 |     1 ||    47
       Headbutt          |     6 |       ||     6
  Use: Potion            |     1 |       ||     1
  Eat: Chunk             |     2 |       ||     2
Armor: Scale mail        |    60 |       ||    60
Dodge: Dodged            |    40 |     1 ||    41
Block: Shield            |    67 |       ||    67
